 Dungeon Crawl Stone Soup version 0.20.1-1-g8b1a95d (webtiles) character file.

52724 Internecine the Blocker (level 14, -10/124 HPs)
             Began as a Hill Orc Hunter on Sept 26, 2017.
             Was the Champion of Cheibriados.
             Drowned by a water nymph (11 damage)
             ... on level 3 of the Shoals.
             The game lasted 07:55:38 (29687 turns).

Internecine the Blocker (Hill Orc Hunter)          Turns: 29687, Time: 07:55:43

Health: -10/124    AC: 24    Str: 33    XL:     14   Next: 65%
Magic:  19/20      EV: 18    Int: 23    God:    Cheibriados [******]
Gold:   885        SH:  0    Dex: 33    Spells: 4/21 levels left

rFire    . . .     SeeInvis +   E - +2 flail "Nuer Xodd" {drain, +Inv Int-3 SInv}
rCold    + . .     Gourm    .   u - +1 buckler
rNeg     . . .     Faith    .   Q - +5 ring mail of Zecijoaf {rC+ MR+ Str-2}
rPois    +         Spirit   .   (helmet restricted)
rElec    .         Reflect  .   I - +1 cloak
rCorr    .         Harm     .   K - +2 pair of gloves
MR       ++...                  (no boots)
Stlth    +.........             h - amulet of regeneration
Regen    0.7/turn               p - +3 ring of strength
MPRegen  0.2/turn               o - +4 ring of protection

@: confused, very slow
A: beak, talons 1, molten scales 1, see invisible, agile 2, sense surroundings
1, poison resistance, wild magic 1
a: Bend Time, Temporal Distortion, Slouch, Step From Time, Renounce Religion,
Evoke Invisibility


You were on level 3 of the Shoals.
You worshipped Cheibriados.
Cheibriados was exalted by your worship.
You were not hungry.

You visited 3 branches of the dungeon, and saw 21 of its levels.

You collected 1185 gold pieces.
You spent 300 gold pieces at shops.

Inventory:

Hand Weapons
 a - a +1 hand crossbow of freezing
 g - a +1 short sword of draining
 j - a +2 halberd of venom
 A - a +1 mace of crushing
 D - a +0 shortbow
 E - the +2 flail "Nuer Xodd" (weapon) {drain, +Inv Int-3 SInv}
   (You found it on level 5 of the Lair of Beasts)

   A truly terrible weapon, it drains the life of those it strikes.
   It affects your intelligence (-3).
   It lets you see invisible.
   It lets you turn invisible.
 W - a +1 short sword of protection
Missiles
 d - 2 bolts
 e - 20 tomahawks (quivered)
 k - 179 arrows
Armour
 u - a +1 buckler (worn)
 I - a +1 cloak (worn)
 K - a +2 pair of gloves (worn)
 Q - the +5 ring mail of Zecijoaf (worn) {rC+ MR+ Str-2}
   (You found it on level 2 of the Shoals)

   It affects your strength (-2).
   It protects you from cold.
   It affects your resistance to hostile enchantments.
Jewellery
 h - an amulet of regeneration (around neck)
 o - a +4 ring of protection (right hand)
 p - a +3 ring of strength (left hand)
 q - an uncursed amulet of the gourmand
 t - a +4 ring of intelligence
 x - an uncursed ring of magical power
 L - an uncursed ring of ice
 Z - an uncursed ring of wizardry
Wands
 i - a wand of digging (10/24)
 v - a wand of iceblast (13/15)
 H - a wand of polymorph (14/24)
 O - a wand of paralysis (7/24)
Scrolls
 c - 3 scrolls of fear
 s - 5 scrolls of amnesia
 z - 2 scrolls of vulnerability
 B - 3 scrolls of remove curse
 V - 3 scrolls of fog
Potions
 b - a potion of mutation
 l - a potion of flight {unknown}
 m - a potion of magic {unknown}
 r - 4 potions of resistance
 w - 3 potions of lignification
 G - a potion of berserk rage {unknown}
 J - a potion of brilliance
 Y - a potion of agility
Books
 P - the Handbook of Confrontation and Bewitchment
   (You found it on level 6 of the Lair of Beasts)

   Spells                             Type                      Level
   a - Throw Flame                    Conjuration/Fire             2
   b - Ensorcelled Hibernation        Hexes/Ice                    2
   c - Bolt of Draining               Conjuration/Necromancy       5
 S - a book of Flames

   Spells                             Type                      Level
   a - Flame Tongue                   Conjuration/Fire             1
   b - Throw Flame                    Conjuration/Fire             2
   c - Conjure Flame                  Conjuration/Fire             3
   d - Inner Flame                    Hexes/Fire                   3
   e - Sticky Flame                   Conjuration/Fire             4
   f - Fireball                       Conjuration/Fire             5
 T - a book of Geomancy

   Spells                             Type                      Level
   a - Sandblast                      Earth                        1
   b - Passwall                       Transmutation/Earth          2
   c - Stone Arrow                    Conjuration/Earth            3
   d - Petrify                        Transmutation/Earth          4
   e - Lee's Rapid Deconstruction     Earth                        5
Miscellaneous
 U - a fan of gales
Comestibles
 f - 14 bread rations
 n - 2 chunks of flesh
 F - 8 meat rations
 M - 17 fruits
 X - 3 royal jellies


   Skills:
 + Level 11.0 Fighting
 + Level 7.6 Short Blades
   Level 2.4(6.5) Axes
 + Level 6.7(6.9) Maces & Flails
 + Level 4.0(4.2) Polearms
 + Level 1.6 Bows
 + Level 10.0 Crossbows
 + Level 4.0 Throwing
 + Level 10.5 Armour
 + Level 5.6 Dodging
 + Level 3.0 Stealth
 * Level 11.8 Shields
 + Level 4.0 Spellcasting
 + Level 2.4 Conjurations
 + Level 0.4 Hexes
 + Level 2.1 Charms
   Level 1.4 Summonings
 + Level 1.5 Necromancy
 + Level 2.7 Fire Magic
 + Level 1.0 Invocations
 + Level 0.6 Evocations


You had 4 spell levels left.
You knew the following spells:

 Your Spells              Type           Power        Failure   Level  Hunger
a - Confusing Touch       Hex            #.....       17%         1    None
b - Ensorcelled Hibernat  Hex/Ice        #.....       26%         2    #......
c - Conjure Flame         Conj/Fire      ###.....     21%         3    ##.....
d - Flame Tongue          Conj/Fire      ###..        8%          1    None
e - Infusion              Chrm           ###.         9%          1    None
f - Shroud of Golubria    Chrm/Tloc      ##........   19%         2    #......
g - Song of Slaying       Chrm           ###.....     13%         2    #......
h - Regeneration          Chrm/Necr      ###.......   26%         3    ##.....
i - Throw Flame           Conj/Fire      ###...       11%         2    #......


Dungeon Overview and Level Annotations

Branches:
Dungeon (12/15)            Temple (0/1) D:6            Lair (6/6) D:9
 Shoals (3/4) Lair:3        Snake (0/4) Lair:4        Slime (0/5) Lair:5
    Orc: D:9-12

Altars:
Ashenzari
Cheibriados
Elyvilon
Fedhas
Gozag
Makhleb
Nemelex Xobeh
Ru
Trog
Xom
Yredelemnul
Zin
The Shining One
Jiyva

Shops:
D:5 !

Annotations:
D:8 Joseph
D:10 Nergalle; Sonja; gyp21's ghost, journeyman DEFE


Innate Abilities, Weirdness & Mutations

You have a beak for a mouth.
You have sharp toenails.
You are partially covered in molten scales. (AC +2)
You have supernaturally acute eyesight. (SInv)
You are very agile. (Dex +4)
You passively map a small area around you.
Your system is resistant to poisons. (rPois)
Your spells are a little harder to cast, but a little more powerful.


Message History

You hear a shout!
You see here 2 sling bullets.
You are confused.
You feel invigorated. The merfolk barely misses you.
The faun shoots a sling bullet.
The sling bullet hits you but does no damage.
The water nymph touches you. The water nymph drowns you!
* * * LOW HITPOINT WARNING * * *
Splash!
You fall into the shallow water.
Moving in this stuff is going to be slow.
The merfolk javelineer hits you but does no damage.
You are no longer glowing.
Your skin stops crawling.
The merfolk hits you from afar with a trident!
* * * LOW HITPOINT WARNING * * *
The merfolk javelineer throws a javelin.
The javelin closely misses you. The water nymph touches you!
* * * LOW HITPOINT WARNING * * *
The water nymph drowns you!
You die...

#...().##..≈..≈≈≈≈≈≈≈≈≈≈≈≈≈≈≈≈
##?..#..≈≈≈≈≈≈≈≈≈≈≈≈≈≈≈≈≈≈≈≈
#...#((..≈≈≈≈≈≈≈≈≈≈≈≈≈≈≈≈≈≈≈≈
#......(.>≈≈≈≈≈≈≈≈≈≈≈≈≈≈≈≈≈≈
#.......≈((≈≈≈>≈≈≈≈≈≈≈≈≈≈≈≈≈
*#.≈≈....≈c≈##.≈≈..≈...≈≈≈≈≈≈
#.≈≈≈....≈m###.....^....≈≈≈≈≈
#.≈≈≈.###≈≈m≈##.###>....≈≈≈≈≈
...≈≈c. #c..mm@.)##......≈≈≈≈≈
.≈≈≈≈≈......≈.≈....####...≈≈≈≈≈
≈≈≈≈≈...........(.# P...≈≈≈
.>[..###.....≈≈.....P<.... ,
.##.# #####.≈.....#P..... ##
#...≈.....P.P##* ≈,
#...P≈.PPP#### ####P≈≈PPP# * ,,


P≈P≈P You could see a merfolk javelineer, 2 merfolk, a faun and a water nymph.

Vanquished Creatures
  An acid blob (Lair:5)
  A merfolk impaler (Shoals:1)
  3 hydras
  A two-headed ogre (D:9)
  3 death yaks
  A sea snake (Shoals:1)
  3 harpies (Shoals:1)
  A manticore (Lair:3)
  3 water nymphs
  Maurice (D:11)
  2 merfolk sirens
  7 black mambas
  A torpor snail (Lair:5)
  19 spiny frogs
  15 komodo dragons
  4 rime drakes
  A kobold demonologist (D:11)
  A troll (D:10)
  5 polar bears
  8 hornets
  A wind drake (Shoals:1)
  Prince Ribbit (D:9)
  A snapping turtle (Shoals:1)
  6 hippogriffs
  21 blink frogs
  9 dream sheep
  12 spriggans (Lair:6)
  A water elemental (Shoals:2)
  3 wyverns
  31 yaks
  2 hungry ghosts
  3 basilisks
  3 nagas (Lair:4)
  10 water moccasins
  2 ice beasts (D:7)
  8 porcupines
  An orc warrior (D:6)
  A sky beast (D:3)
  5 ogres
  4 black bears
  An eye of draining (D:8)
  2 phantoms
  18 wolves (Lair:6)
  3 boggarts (Lair:6)
  12 crocodiles
  3 centaurs
  Blork the orc (D:4)
  2 big kobolds
  15 bullfrogs
  2 scorpions (D:6)
  A water moccasin skeleton (D:8)
  3 killer bees (D:11)
  An electric eel (Lair:6)
  5 crimson imps
  3 bullfrog zombies
  2 hounds
  2 jellies
  8 orc priests
  9 orc wizards
  A centaur skeleton (D:6)
  3 iguanas
  Jessica (D:3)
  A bullfrog skeleton (D:4)
  2 hell rats (Lair:2)
  4 worker ants
  2 hound zombies
  2 hound skeletons
  A worker ant zombie (D:5)
  Robin (D:3)
  10 adders
  9 gnolls
  7 river rats (Lair:2)
  3 shadow imps
  A white imp (D:5)
  2 oozes (D:3)
  5 adder skeletons
  3 adder zombies
  4 worms
  2 dart slugs
  9 leopard geckos
  31 orcs
  4 ball pythons
  8 giant cockroaches
  12 goblins
  18 hobgoblins
  21 jackals
  8 quokkas
  6 bats
  12 frilled lizards
  2 goblin zombies (D:5)
  2 hobgoblin zombies (D:5)
  13 kobolds
  2 kobold skeletons (D:5)
  A leopard gecko skeleton (D:5)
  2 orc skeletons (D:5)
  An orc zombie (D:5)
  2 quokka skeletons
  2 quokka zombies
  9 rats
  A plant (D:1)
529 creatures vanquished.

Vanquished Creatures (collateral kills)
  A lindwurm (Lair:5)
  A komodo dragon (Lair:5)
  A wyvern (Lair:5)
  A bullfrog (Lair:5)
4 creatures vanquished.

Vanquished Creatures (others)
  Erica (D:8)
  4 fungi
  6 plants
11 creatures vanquished.

Grand Total: 544 creatures vanquished

Notes
Turn   | Place    | Note
-------+----------+-------------------------------------------
     0 | D:1      | Internecine the Hill Orc Hunter began the quest for the Orb.
     0 | D:1      | Reached XP level 1. HP: 18/18 MP: 1/1
   346 | D:1      | Reached XP level 2. HP: 25/25 MP: 2/2
   660 | D:1      | Reached XP level 3. HP: 14/30 MP: 3/3
  1376 | D:2      | Reached skill level 1 in Axes
  1795 | D:2      | Found a glowing silver altar of Zin.
  1940 | D:2      | Reached XP level 4. HP: 37/37 MP: 4/4
  3276 | D:3      | Reached skill level 1 in Armour
  3411 | D:3      | Noticed Jessica
  3414 | D:3      | Killed Jessica
  3627 | D:3      | Reached XP level 5. HP: 44/44 MP: 5/5
  3806 | D:3      | Noticed Robin
  3826 | D:3      | Killed Robin
  3868 | D:3      | Reached skill level 5 in Crossbows
  4120 | D:3      | Found a sacrificial altar of Ru.
  7986 | D:3      | Noticed a sky beast
  8332 | D:4      | Reached XP level 6. HP: 51/51 MP: 6/6
  8497 | D:4      | Noticed Blork the orc
  8512 | D:4      | Killed Blork the orc
  8512 | D:4      | Reached skill level 1 in Maces & Flails
  8952 | D:5      | Entered Level 5 of the Dungeon
  8966 | D:5      | Found a snail-covered altar of Cheibriados.
  8999 | D:5      | Became a worshipper of Cheibriados the Contemplative
  9029 | D:5      | Found Cesmejoh's Distillery.
  9055 | D:5      | Bought a potion of ambrosia for 120 gold pieces
  9086 | D:5      | Found a white marble altar of Elyvilon.
  9221 | D:5      | Found a shattered altar of Ashenzari.
  9485 | D:5      | Noticed a phantom
  9505 | D:5      | Killed a phantom
  9505 | D:5      | Reached skill level 1 in Stealth
  9505 | D:5      | Reached XP level 7. HP: 59/59 MP: 7/7
  9665 | D:5      | Reached skill level 1 in Short Blades
  9665 | D:5      | Reached skill level 1 in Polearms
  9878 | D:5      | Reached * piety under Cheibriados
  9926 | D:5      | Found a glowing golden altar of the Shining One.
 10122 | D:5      | Found an opulent altar of Gozag.
 10122 | D:5      | Found a sparkling altar of Nemelex Xobeh.
 10324 | D:5      | Bought a potion of agility for 60 gold pieces
 10324 | D:5      | Bought a potion of mutation for 120 gold pieces
 10331 | D:5      | Gained mutation: You are agile. (Dex +2) [potion of mutation]
 10331 | D:5      | Gained mutation: You passively map a small area around you. [potion of mutation]
 10331 | D:5      | Gained mutation: You are very agile. (Dex +4) [potion of mutation]
 10331 | D:5      | Gained mutation: Your spells are a little harder to cast, but a little more powerful. [potion of mutation]
 10679 | D:4      | Reached XP level 8. HP: 56/67 MP: 8/8
 11054 | D:4      | Reached skill level 5 in Fighting
 11121 | D:4      | Reached ** piety under Cheibriados
 11273 | D:4      | Found a basalt altar of Yredelemnul.
 11273 | D:4      | Found a bloodstained altar of Trog.
 11552 | D:3      | Gained mutation: You have sharp toenails. [mutagenic meat]
 11553 | D:3      | Gained mutation: You are partially covered in molten scales. (AC +2) [mutagenic meat]
 11554 | D:3      | Gained mutation: You have a beak for a mouth. [mutagenic meat]
 11556 | D:3      | Gained mutation: Your system is resistant to poisons. (rPois) [mutagenic meat]
 11557 | D:3      | Gained mutation: You have supernaturally acute eyesight. (SInv) [mutagenic meat]
 13200 | D:4      | Reached skill level 1 in Throwing
 14480 | D:4      | Noticed a green ugly thing
 15090 | D:6      | Reached skill level 5 in Armour
 15093 | D:6      | Reached *** piety under Cheibriados
 15106 | D:6      | Learned a level 1 spell: Confusing Touch
 15108 | D:6      | Learned a level 1 spell: Summon Small Mammal
 15145 | D:6      | Found a staircase to the Ecumenical Temple.
 15163 | D:6      | Learned a level 3 spell: Conjure Flame
 15165 | D:6      | Learned a level 1 spell: Flame Tongue
 15241 | D:6      | Found a shimmering altar of Xom.
 15241 | D:6      | Found a shimmering altar of Xom.
 15243 | D:6      | Found a shimmering altar of Xom.
 15243 | D:6      | Found a shimmering altar of Xom.
 15249 | D:6      | Reached XP level 9. HP: 71/75 MP: 9/9
 15253 | D:6      | Found a shimmering altar of Xom.
 15253 | D:6      | Found a shimmering altar of Xom.
 15266 | D:6      | Found a shimmering altar of Xom.
 15314 | D:6      | Reached skill level 1 in Spellcasting
 15314 | D:6      | Reached skill level 1 in Summonings
 16934 | D:6      | Reached skill level 1 in Bows
 17318 | D:6      | Reached **** piety under Cheibriados
 17683 | D:6      | Reached skill level 1 in Conjurations
 18106 | D:6      | Reached skill level 1 in Fire Magic
 18800 | D:7      | Reached skill level 1 in Shields
 18939 | D:7      | You fall through a shaft for 3 floors!
 18939 | D:10     | Entered Level 10 of the Dungeon
 18939 | D:10     | Noticed Sonja
 18939 | D:10     | Noticed a two-headed ogre
 18941 | D:10     | Noticed gyp21's ghost (journeyman DEFE)
 18941 | D:10     | Noticed Nergalle
 19001 | D:11     | Reached XP level 10. HP: 23/84 MP: 14/14
 19299 | D:11     | Noticed a kobold demonologist
 19309 | D:11     | Noticed Maurice
 19316 | D:11     | Killed a kobold demonologist
 19329 | D:11     | Killed Maurice
 19758 | D:7      | Found a burning altar of Makhleb.
 19880 | D:7      | Found a blossoming altar of Fedhas.
 19996 | D:7      | Reached ***** piety under Cheibriados
 20476 | D:8      | Noticed Erica
 20476 | D:8      | Noticed Joseph
 20480 | D:8      | Killed Erica
 20635 | D:8      | Paralysed by a hornet for 2 turns
 21001 | D:9      | Noticed a two-headed ogre
 21015 | D:9      | Killed a two-headed ogre
 21015 | D:9      | Reached skill level 5 in Shields
 21134 | D:9      | Noticed Prince Ribbit
 21150 | D:9      | Killed Prince Ribbit
 21150 | D:9      | Reached XP level 11. HP: 68/92 MP: 15/15
 21570 | D:9      | Found a staircase to the Lair.
 21577 | Lair:1   | Entered Level 1 of the Lair of Beasts
 21646 | Lair:1   | Reached skill level 1 in Invocations
 22226 | Lair:1   | Found a shimmering altar of Xom.
 22416 | Lair:2   | Reached skill level 5 in Short Blades
 22719 | Lair:2   | Identified the Grimoire of Evil Bewitchment
 23663 | Lair:3   | Reached XP level 12. HP: 81/103 MP: 16/16
 23744 | Lair:3   | Noticed an eight-headed hydra
 23754 | Lair:3   | Killed an eight-headed hydra
 23754 | Lair:3   | Reached ****** piety under Cheibriados
 23813 | Lair:3   | Found a staircase to the Shoals.
 24129 | Lair:3   | Learned a level 1 spell: Infusion
 24132 | Lair:3   | Learned a level 2 spell: Shroud of Golubria
 24135 | Lair:3   | Learned a level 2 spell: Song of Slaying
 24139 | Lair:3   | Learned a level 3 spell: Regeneration
 24248 | Lair:3   | Noticed a death yak
 24250 | Lair:3   | Noticed a death yak
 24260 | Lair:3   | Killed a death yak
 24272 | Lair:3   | Killed a death yak
 24647 | Lair:4   | Found a staircase to the Snake Pit.
 25012 | Lair:4   | Reached skill level 1 in Charms
 25265 | Lair:4   | Reached XP level 13. HP: 111/111 MP: 17/17
 25535 | Lair:4   | Reached skill level 5 in Maces & Flails
 25778 | Lair:5   | Reached skill level 10 in Fighting
 25780 | Lair:5   | Found a labyrinth entrance.
 25780 | Lair:5   | Found a viscous altar of Jiyva.
 25782 | Lair:5   | Found a staircase to the Slime Pits.
 26152 | Lair:5   | Reached skill level 5 in Dodging
 26306 | Lair:5   | Reached skill level 10 in Armour
 26361 | Lair:5   | Reached skill level 10 in Shields
 26552 | Lair:5   | Got a dazzling flail
 26560 | Lair:5   | Identified the +2 flail "Nuer Xodd" {drain, +Inv Int-3 SInv} (You found it on level 5 of the Lair of Beasts)
 26603 | Lair:5   | Noticed an acid blob
 26610 | Lair:5   | Killed an acid blob
 27054 | Lair:6   | Entered Level 6 of the Lair of Beasts
 27152 | Lair:6   | Identified the Handbook of Confrontation and Bewitchment
 27196 | Lair:6   | Learned a level 2 spell: Ensorcelled Hibernation
 27677 | Lair:6   | Reached XP level 14. HP: 118/122 MP: 11/19
 27849 | Lair:6   | Reached skill level 1 in Necromancy
 28135 | Lair:6   | Reached skill level 10 in Crossbows
 28914 | Shoals:1 | Entered Level 1 of the Shoals
 28975 | Shoals:1 | Learned a level 2 spell: Throw Flame
 29501 | Shoals:2 | Got a blackened ring mail
 29514 | Shoals:2 | Identified the +5 ring mail of Zecijoaf {rC+ MR+ Str-2} (You found it on level 2 of the Shoals)
 29687 | Shoals:3 | HP: 1/124 [water nymph (9)]
 29687 | Shoals:3 | Drowned by a water nymph

Skill      XL: |  1  2  3  4  5  6  7  8  9 10 11 12 13 14 |
---------------+-------------------------------------------+-----
Crossbows      | 4 5 6 7 8 9 10 | 10.0
Axes           | 1 2 |  2.4
Armour         | 1 3 5 6 7 8 9 10 | 10.5
Fighting       | 3 4 5 6 7 8 9 10 11 | 11.0
Maces & Flails | 1 4 5 6 |  6.7
Stealth        | 1 2 3 |  3.0
Dodging        | 2 3 4 5 |  5.6
Short Blades   | 2 3 4 5 6 7 |  7.6
Polearms       | 1 3 4 |  4.0
Throwing       | 1 2 3 4 |  4.0
Spellcasting   | 2 3 4 |  4.0
Summonings     | 1 |  1.4
Bows           | 1 |  1.6
Conjurations   | 1 2 |  2.4
Fire Magic     | 2 |  2.7
Shields        | 2 5 7 8 10 11 | 11.8
Invocations    | 1 |  1.0
Charms         | 1 2 |  2.1
Necromancy     | 1 |  1.5
Hexes          | |  0.4
Evocations     | |  0.6

Action                   |  1- 3 |  4- 6 |  7- 9 | 10-12 | 13-15 || total
-------------------------+-------+-------+-------+-------+-------++-------
Melee: Hand axe          |    78 |    86 |       |       |       ||   164
       Rapier            |     8 |    26 |       |       |       ||    34
       Mace              |       |    28 |       |    67 |    15 ||   110
       Halberd           |       |    20 |    68 |       |       ||    88
       Short sword       |       |     8 |   200 |   292 |   241 ||   741
       Kick              |       |       |    72 |   217 |   278 ||   567
       Peck              |       |       |    31 |   134 |   180 ||   345
       Flail             |       |       |     5 |       |   230 ||   235
 Fire: Hand crossbow     |    66 |   142 |   145 |   255 |   150 ||   758
       Shortbow          |       |       |    28 |       |       ||    28
Throw: Stone             |     5 |    10 |       |       |       ||    15
       Javelin           |       |     6 |    19 |     6 |       ||    31
       Tomahawk          |       |       |     4 |    25 |    64 ||    93
 Cast: Summon Small Mamm |       |       |    40 |       |       ||    40
       Flame Tongue      |       |       |    81 |       |     4 ||    85
       Confusing Touch   |       |       |     3 |     1 |       ||     4
       Conjure Flame     |       |       |     1 |     3 |     2 ||     6
       Infusion          |       |       |       |     3 |     2 ||     5
       Song of Slaying   |       |       |       |     2 |     9 ||    11
       Shroud of Golubri |       |       |       |     1 |       ||     1
       Regeneration      |       |       |       |       |    23 ||    23
       Throw Flame       |       |       |       |       |    23 ||    23
Invok: Bend Time         |       |       |       |     1 |       ||     1
Evoke: Wand              |       |       |     1 |     6 |       ||     7
  Use: Scroll            |       |    14 |     4 |    12 |    17 ||    47
       Potion            |       |     5 |     6 |     2 |     8 ||    21
 Stab: Sleeping          |       |       |       |     1 |       ||     1
  Eat: Chunk             |    11 |    20 |    27 |    11 |     9 ||    78
       Royal jelly       |       |       |       |     1 |     1 ||     2
       Fruit             |       |       |       |       |     2 ||     2
Armor: Leather armour    |    26 |       |       |       |       ||    26
       Scale mail        |     4 |   114 |   193 |   178 |   201 ||   690
       Skin              |       |       |       |       |    70 ||    70
       Ring mail         |       |       |       |       |    24 ||    24
Dodge: Dodged            |    51 |    97 |   206 |   264 |   393 ||  1011
Block: Buckler           |       |       |    24 |   156 |   345 ||   525
